General information
- name: BNet
- type: Ladder team game (AT/RT)
- host: Battle.net
- saver: TheShadow
map: Deathknell
- players: 8
- length: 18:01
- speed: Fast
- version: 1.27 W3XP
- replay type: Public
» download(135 KB)
Players
team 1 (loser)

»
mcrando (
purple | 78 APM | 1186 actions | 15:10)
4 Tauren Chieftain
1 War Stomp
3 Endurance Aura
2 Dark Ranger
1 Black Arrow
1 Silence
» actions
| Assign group hotkey | 25 | |
| Basic commands | 19 | |
| Build / train | 69 | |
| ESC pressed | 11 | |
| Enter build submenu | 22 | |
| Enter hero's abilities submenu | 7 | |
| Give item / drop item | 3 | |
| Remove unit from queue | 4 | |
| Right click | 631 | |
| Select / deselect | 226 | |
| Select group hotkey | 92 | |
| Use ability | 76 | |
1186 total
» units
| Peon | 9 | |
| Grunt | 2 | |
| Troll Headhunter/Berserker | 16 | |
| Troll Witch Doctor | 3 | |
| Shaman | 2 | |
32 total
» upgrades
| Ranged Weapons | 1 | |
| Troll Regeneration | 1 | |
| Witch Doctor Training | 2 | |
| Berserker Upgrade | 1 | |
| Shaman Training | 2 | |
| Reinforced Defenses | 1 | |
| Armor | 1 | |
9 total
» buildings
| War Mill | 2 | |
| Altar of Storms | 1 | |
| Orc Burrow | 7 | |
| Barracks | 3 | |
| Voodoo Lounge | 2 | |
| Stronghold | 4 | |
| Spirit Lodge | 1 | |
| Fortress | 2 | |
| Watch Tower | 2 | |
| Great Hall | 1 | |
25 total
» build order
00:09 War Mill
00:12 Altar of Storms
00:23 Orc Burrow
00:57 Barracks
01:07 Barracks
01:38 Orc Burrow
01:51 Voodoo Lounge
01:57 Voodoo Lounge
02:11 Orc Burrow
03:48 Orc Burrow
03:54 Stronghold
03:54 Stronghold
03:55 Stronghold
04:57 Orc Burrow
05:13 War Mill
06:25 Spirit Lodge
07:19 Orc Burrow
08:39 Fortress
08:39 Fortress
09:25 Watch Tower
09:36 Watch Tower
10:28 Great Hall
13:22 Barracks
14:34 Orc Burrow
» items
| Healing Salve | 3 | |
| Scroll of Speed | 1 | |
| Scroll of Town Portal | 3 | |
| Orb of Lightning | 1 | |
8 total
Sell.puff (
pink | 48 APM | 872 actions | 18:00)
4 Demon Hunter
2 Evasion
1 Immolation
1 Mana Burn
2 Priestess of the Moon
1 Trueshot Aura
1 Searing Arrows
1 Dark Ranger
1 Black Arrow
» actions
| Build / train | 61 | |
| Enter build submenu | 16 | |
| Enter hero's abilities submenu | 7 | |
| Give item / drop item | 1 | |
| Right click | 523 | |
| Select / deselect | 233 | |
| Use ability | 31 | |
872 total
» units
| Wisp | 13 | |
| Archer | 13 | |
| Chimaera | 10 | |
| Tauren | 3 | |
| Shaman | 4 | |
43 total
» upgrades
| Strength of the Wild | 2 | |
| Reinforced Hides | 1 | |
3 total
» buildings
| Moon Well | 6 | |
| Altar of Elders | 1 | |
| Ancient of War | 1 | |
| Tree of Ages | 3 | |
| Hunter's Hall | 1 | |
| Tree of Eternity | 1 | |
| Ancient of Wind | 1 | |
| Chimaera Roost | 2 | |
| Ancient of Wonders | 1 | |
| Orc Burrow | 2 | |
| Tree of Life | 1 | |
20 total
» build order
00:06 Moon Well
00:08 Altar of Elders
00:10 Ancient of War
02:08 Moon Well
03:47 Tree of Ages
03:48 Tree of Ages
03:48 Tree of Ages
04:40 Moon Well
04:44 Moon Well
05:43 Hunter's Hall
06:27 Tree of Eternity
06:31 Ancient of Wind
07:33 Moon Well
08:49 Chimaera Roost
08:52 Chimaera Roost
11:11 Moon Well
11:50 Ancient of Wonders
14:26 Orc Burrow
14:49 Orc Burrow
16:47 Tree of Life
» items

»
studio (
green | 68 APM | 6 actions | 00:05)

»
SwordSaint (
red | 98 APM | 1742 actions | 17:41)
4 Blademaster
2 Wind Walk
2 Critical Strike
6 Shadow Hunter
3 Hex
3 Healing Wave
1 Tauren Chieftain
1 War Stomp
» actions
| Assign group hotkey | 42 | |
| Basic commands | 84 | |
| Build / train | 108 | |
| ESC pressed | 7 | |
| Enter build submenu | 35 | |
| Enter hero's abilities submenu | 12 | |
| Give item / drop item | 3 | |
| Right click | 496 | |
| Select / deselect | 356 | |
| Select group hotkey | 487 | |
| Use ability | 112 | |
1742 total
» units
| Peon | 28 | |
| Grunt | 11 | |
| Raider | 1 | |
| Spirit Walker | 3 | |
| Kodo Beast | 1 | |
| Wind Rider | 1 | |
| Shaman | 4 | |
| Troll Batrider | 3 | |
| Tauren | 2 | |
54 total
» upgrades
| Spirit Walker Training | 2 | |
| Ensnare | 1 | |
| Shaman Training | 2 | |
| Envenomed Spears | 1 | |
| Pulverize | 1 | |
| Melee Weapons | 1 | |
| Armor | 1 | |
| War Drums Damage Increase | 1 | |
10 total
» buildings
| Altar of Storms | 2 | |
| Orc Burrow | 10 | |
| Barracks | 1 | |
| Voodoo Lounge | 1 | |
| Stronghold | 5 | |
| War Mill | 1 | |
| Beastiary | 2 | |
| Fortress | 5 | |
| Spirit Lodge | 3 | |
| Great Hall | 2 | |
| Tauren Totem | 3 | |
35 total
» build order
00:08 Altar of Storms
00:12 Altar of Storms
00:22 Orc Burrow
00:28 Orc Burrow
00:51 Barracks
01:33 Voodoo Lounge
01:57 Orc Burrow
03:06 Stronghold
03:08 Stronghold
03:08 Stronghold
03:24 Orc Burrow
03:46 War Mill
05:35 Beastiary
05:53 Fortress
05:53 Fortress
05:55 Spirit Lodge
06:14 Great Hall
06:18 Fortress
06:18 Fortress
06:27 Orc Burrow
07:14 Spirit Lodge
07:19 Spirit Lodge
07:47 Orc Burrow
08:19 Tauren Totem
08:45 Tauren Totem
08:49 Beastiary
09:05 Tauren Totem
10:40 Orc Burrow
10:41 Orc Burrow
10:47 Orc Burrow
13:34 Great Hall
14:08 Orc Burrow
» items
| Healing Salve | 2 | |
| Scroll of Town Portal | 2 | |
4 total
team 2 (winner)

»
CanonRock (
orange | 54 APM | 969 actions | 18:00)
4 Priestess of the Moon
1 Searing Arrows
2 Trueshot Aura
1 Scout
» actions
| Assign group hotkey | 16 | |
| Basic commands | 46 | |
| Build / train | 59 | |
| Enter build submenu | 22 | |
| Enter hero's abilities submenu | 4 | |
| Right click | 400 | |
| Select / deselect | 247 | |
| Select group hotkey | 138 | |
| Use ability | 37 | |
969 total
» units
» upgrades
| Strength of the Wild | 2 | |
| Reinforced Hides | 2 | |
| Corrosive Breath | 1 | |
5 total
» buildings
| Altar of Elders | 1 | |
| Moon Well | 8 | |
| Ancient of War | 1 | |
| Ancient of Wonders | 1 | |
| Tree of Ages | 1 | |
| Hunter's Hall | 1 | |
| Tree of Life | 2 | |
| Tree of Eternity | 1 | |
| Ancient of Wind | 1 | |
| Chimaera Roost | 3 | |
| Ancient Protector | 4 | |
24 total
» build order
00:08 Altar of Elders
00:12 Moon Well
00:17 Ancient of War
01:48 Moon Well
02:00 Ancient of Wonders
02:34 Moon Well
03:18 Tree of Ages
05:03 Hunter's Hall
05:50 Tree of Life
06:38 Tree of Eternity
06:45 Moon Well
07:37 Moon Well
08:34 Moon Well
09:04 Ancient of Wind
09:32 Moon Well
10:10 Chimaera Roost
10:13 Chimaera Roost
10:16 Chimaera Roost
10:36 Ancient Protector
10:42 Ancient Protector
10:58 Moon Well
11:21 Ancient Protector
11:24 Ancient Protector
13:14 Tree of Life
» items
| Moonstone | 1 | |
| Scroll of Town Portal | 1 | |
2 total

»
t_k (
blue | 90 APM | 1621 actions | 18:00)
4 Mountain King
2 Storm Bolt
2 Bash
3 Paladin
2 Holy Light
1 Divine Shield
» actions
| Assign group hotkey | 28 | |
| Basic commands | 150 | |
| Build / train | 77 | |
| Enter build submenu | 25 | |
| Enter hero's abilities submenu | 7 | |
| Remove unit from queue | 4 | |
| Right click | 487 | |
| Select / deselect | 332 | |
| Select group hotkey | 448 | |
| Use ability | 63 | |
1621 total
» units
| Peasant | 13 | |
| Footman | 5 | |
| Goblin Shredder | 2 | |
| Gryphon Rider | 4 | |
| Spell Breaker | 4 | |
28 total
» upgrades
| Swords | 3 | |
| Armor | 3 | |
| Masonry | 1 | |
| Animal War Training | 1 | |
| Storm Hammers | 1 | |
9 total
» buildings
| Altar of Kings | 1 | |
| Farm | 18 | |
| Barracks | 1 | |
| Scout Tower | 7 | |
| Lumber Mill | 1 | |
| Arcane Tower | 1 | |
| Arcane Vault | 1 | |
| Town Hall | 1 | |
| Keep | 1 | |
| Guard Tower | 8 | |
| Castle | 2 | |
| Blacksmith | 1 | |
| Gryphon Aviary | 3 | |
| Arcane Sanctum | 1 | |
47 total
» build order
00:20 Altar of Kings
00:36 Farm
00:51 Barracks
01:10 Farm
01:11 Farm
02:01 Scout Tower
02:06 Scout Tower
02:40 Lumber Mill
02:51 Arcane Tower
03:23 Arcane Vault
04:22 Town Hall
04:24 Keep
04:27 Scout Tower
04:29 Scout Tower
04:34 Scout Tower
04:58 Guard Tower
04:59 Guard Tower
05:01 Scout Tower
05:06 Scout Tower
05:08 Guard Tower
05:08 Guard Tower
05:29 Guard Tower
05:30 Guard Tower
05:53 Guard Tower
06:57 Castle
06:57 Castle
07:00 Blacksmith
07:37 Farm
07:38 Farm
07:38 Farm
07:39 Farm
07:51 Farm
07:52 Farm
07:53 Farm
07:53 Farm
08:49 Gryphon Aviary
08:53 Gryphon Aviary
08:58 Gryphon Aviary
09:06 Farm
09:08 Farm
10:11 Arcane Sanctum
10:54 Farm
10:56 Farm
10:56 Farm
16:21 Farm
16:21 Farm
» items
TheShadow (
yellow | 65 APM | 1180 actions | 18:01)
7 Blademaster
3 Wind Walk
3 Critical Strike
1 Bladestorm
» actions
| Assign group hotkey | 41 | |
| Basic commands | 10 | |
| Build / train | 51 | |
| Enter build submenu | 28 | |
| Enter hero's abilities submenu | 7 | |
| Right click | 615 | |
| Select / deselect | 217 | |
| Select group hotkey | 115 | |
| Use ability | 96 | |
1180 total
» units
| Peon | 8 | |
| Grunt | 4 | |
| Goblin Shredder | 2 | |
| Goblin Sapper | 2 | |
| Goblin Zeppelin | 1 | |
| Troll Batrider | 3 | |
20 total
» upgrades
| Reinforced Defenses | 1 | |
| Troll Regeneration | 1 | |
| Ranged Weapons | 3 | |
| Armor | 3 | |
| Liquid Fire | 1 | |
9 total
» buildings
| Orc Burrow | 4 | |
| Altar of Storms | 1 | |
| Barracks | 1 | |
| Voodoo Lounge | 1 | |
| War Mill | 1 | |
| Watch Tower | 16 | |
| Stronghold | 1 | |
| Great Hall | 1 | |
| Fortress | 1 | |
| Beastiary | 4 | |
31 total
» build order
00:10 Orc Burrow
00:52 Altar of Storms
00:53 Barracks
01:05 Orc Burrow
01:51 Voodoo Lounge
02:39 War Mill
03:42 Orc Burrow
04:02 Watch Tower
04:07 Watch Tower
04:49 Stronghold
05:06 Great Hall
06:10 Orc Burrow
06:17 Watch Tower
06:17 Watch Tower
07:00 Watch Tower
07:36 Fortress
07:40 Watch Tower
07:43 Watch Tower
10:25 Watch Tower
10:25 Watch Tower
10:27 Watch Tower
10:28 Watch Tower
10:28 Watch Tower
10:29 Watch Tower
12:11 Beastiary
12:11 Beastiary
12:13 Beastiary
12:15 Beastiary
12:36 Watch Tower
12:37 Watch Tower
12:39 Watch Tower
» items
| Healing Salve | 5 | |
| Scroll of Town Portal | 2 | |
| Mechanical Critter | 2 | |
| Orb of Venom | 1 | |
| Anti-magic Potion | 2 | |
12 total
Dared (
teal | 41 APM | 738 actions | 18:00)
3 Keeper of the Grove
1 Entangling Roots
2 Thorns Aura
» actions
| Build / train | 61 | |
| Enter build submenu | 14 | |
| Enter hero's abilities submenu | 4 | |
| Right click | 421 | |
| Select / deselect | 210 | |
| Use ability | 28 | |
738 total
» units
| Wisp | 20 | |
| Archer | 3 | |
| Huntress | 5 | |
| Druid of the Claw | 10 | |
| Dryad | 9 | |
47 total
» upgrades
| Druid of the Claw Training | 2 | |
| Strength of the Wild | 3 | |
| Reinforced Hides | 2 | |
7 total
» buildings
| Moon Well | 6 | |
| Altar of Elders | 1 | |
| Ancient of War | 1 | |
| Tree of Ages | 1 | |
| Hunter's Hall | 1 | |
| Ancient of Lore | 2 | |
| Tree of Eternity | 1 | |
| Ancient of Wonders | 1 | |
| Tree of Life | 1 | |
15 total
» build order
00:24 Moon Well
00:39 Altar of Elders
01:13 Ancient of War
01:37 Moon Well
02:38 Moon Well
03:05 Tree of Ages
03:29 Hunter's Hall
04:39 Moon Well
05:40 Ancient of Lore
05:48 Ancient of Lore
06:46 Tree of Eternity
09:02 Ancient of Wonders
09:35 Tree of Life
10:18 Moon Well
11:03 Moon Well
» items
Chat log
(00:09 / Allies) Dared: hi
(00:11 / Allies) t_k: yo
(01:56 / Allies) Dared: what hero orange
(02:04 / Allies) CanonRock: potm
(02:24 / Allies) Dared: k ill go keeper
(03:03 / Allies) Dared: what is everyone going
(03:06 / Allies) t_k: air
(04:45 / Allies) Dared: yellow wat u going
(04:57 / Allies) TheShadow: mens
(06:19 / Allies) t_k: shit yellow
(06:31 / Allies) t_k: need to go all the way fo that shred
(11:24 / Allies) t_k: TC
(13:00 / Allies) CanonRock: omw
(13:46 / Allies) t_k: OUCH
(13:52 / Allies) Dared: yeah they didnt tp
(14:21 / Allies) t_k: B
(14:25 / Allies) t_k: they all coming
(14:30 / Allies) TheShadow: bats for chims
(14:40 / Allies) Dared: i got dryads as well
(14:54 / Allies) TheShadow: purp may mh
(15:08 / All) mcrando: gg
(15:08 / Allies) t_k: <lolll
(16:04 / Allies) t_k: b
(16:14 / Allies) t_k: b
(16:37 / Allies) t_k: yellow afk
(17:49 / All) Sell.puff: gg wp guys
(17:56 / All) Sell.puff: missed aa
(17:56 / All) Dared: gg